 Dungeon Crawl Stone Soup version 0.29.0-11-gd7f09526c8 (webtiles) character file.

Game seed: 9147262966883324095

55406 KamiKatze the Severer (level 14, -14/136 HPs)
             Began as a Gargoyle Fighter on Sept 6, 2022.
             Was a High Priest of Trog.
             Demolished by Donald
             ... wielding a +1 antimagic war axe
              (22 damage)
             ... on level 2 of the Orcish Mines.
             The game lasted 01:24:43 (21856 turns).

KamiKatze the Severer (Gargoyle Fighter)           Turns: 21856, Time: 01:24:44

Health: -14/136    AC: 36    Str: 25    XL:     14   Next: 77%
Magic:  0/14       EV: 13    Int:  9    God:    Trog [*****.]
Gold:   1135       SH:  5    Dex:  9    Spells: 13/13 levels left

rFire   . . .      SeeInvis .   a - +2 broad axe (venom)
rCold   + . .      Faith    .   c - +0 buckler
rNeg    + . .      Spirit   .   j - +2 plate armour {rC+}
rPois   ∞          Reflect  .   n - +0 helmet
rElec   +          Harm     .   N - +1 cloak {rCorr}
rCorr   +          Rampage  .   m - +0 pair of gloves
Will    ++++.                   G - +2 pair of boots
Stlth   ..........              (no amulet)
HPRegen 1.32/turn               u - +4 ring of evasion
MPRegen 0.14/turn               X - ring of willpower

@: berserking, strong-willed, flying, regenerating, very quick
A: sickness immunity, AC +10, big wings, negative energy resistance 1,
electricity resistance, torment resistance 1, petrification resistance
a: Renounce Religion, Berserk, Trog's Hand, Brothers in Arms


You were on level 2 of the Orcish Mines.
You worshipped Trog.
Trog was extremely pleased with you.
You visited 4 branches of the dungeon, and saw 19 of its levels.
You visited 1 bazaar.
You also visited: Ossuary and Volcano.

You collected 1412 gold pieces.
You spent 277 gold pieces at shops.

Inventory:

Hand Weapons
 a - a +2 broad axe of venom (weapon)
 b - a +1 war axe of freezing
 t - a +0 broad axe
 w - a +5 flail
Missiles
 f - 2 throwing nets
 k - 129 stones
 q - 12 poisoned darts
Armour
 c - a +0 buckler (worn)
 j - a +2 plate armour of cold resistance (worn)
 m - a +0 pair of gloves (worn)
 n - a +0 helmet (worn)
 v - the +4 ring mail of Hudexuth {Dex+3}
   (You found it on level 11 of the Dungeon)

   Dex:       It affects your dexterity (+3).
 C - the +3 chain mail of the Amoeba {+Inv rPois rC- Dex-5}
   (You found it in a bazaar)

   Dex:       It affects your dexterity (-5).
   rC:        It makes you vulnerable to cold.
   rPois:     It protects you from poison.
   +Inv:      It lets you turn invisible.
 G - a +2 pair of boots (worn)
 K - a +0 tower shield
 N - a +1 cloak of preservation (worn)
 O - a +2 cloak
Jewellery
 u - a +4 ring of evasion (left hand)
 R - a +6 ring of intelligence
 U - a ring of resist corrosion
 X - a ring of willpower (right hand)
 Z - a ring of see invisible
Wands
 p - a wand of digging (5)
 B - a wand of iceblast (4)
 D - a wand of light (15)
 F - a wand of mindburst (16)
 H - a wand of flame (21) (quivered)
 L - a wand of polymorph (6)
 Q - a wand of charming (7)
Scrolls
 h - 9 scrolls of teleportation
 i - 2 scrolls of poison
 l - 7 scrolls of identify
 o - 2 scrolls of silence
 r - a scroll of summoning
 y - a scroll of blinking
 E - a scroll of torment
 M - a scroll of fog
 W - 2 scrolls of fear
Potions
 d - 5 potions of might
 e - 10 potions of curing
 g - 11 potions of heal wounds
 s - 7 potions of lignification
 z - 5 potions of attraction
 A - a potion of resistance
 J - 2 potions of haste
 P - a potion of cancellation
Miscellaneous
 x - a tin of tremorstones (2/2)
 I - a box of beasts
 S - a phantom mirror
 T - a phantom mirror


   Skills:
 + Level 11.7 Fighting
 * Level 15.3 Axes
 + Level 10.7 Armour
 + Level 7.7 Dodging
 * Level 7.7 Shields
 + Level 7.8 Evocations


You had 13 spell levels left.
You didn't know any spells.
Your spell library contained the following spells:

 Spells                   Type           Power      Damage    Failure   Level
 Apportation              Tloc           0%         N/A       99%         1
 Freeze                   Ice            0%         1d3       99%         1
 Necrotise                Necr           0%         1d4       99%         1
 Summon Small Mammal      Summ           0%         N/A       99%         1
 Gell's Gravitas          Tloc           0%         N/A       100%        3
 Lesser Beckoning         Tloc           0%         N/A       100%        3
 Teleport Other           Tloc           0%         N/A       100%        3
 Malign Gateway           Summ/Tloc      0%         N/A       100%        7
 Summon Horrible Things   Summ           0%         N/A       100%        8


Dungeon Overview and Level Annotations

Branches:
Dungeon (11/15)            Temple (1/1) D:7            Lair (5/5) D:10
  Swamp (0/4) Lair:3        Snake (0/4) Lair:2        Slime (0/5) Lair:4
    Orc (2/2) D:11            Elf (0/3) Orc:2       Ossuary (visited)
Volcano (visited)

Altars:
Ashenzari
Cheibriados
Dithmenos
Elyvilon
Fedhas
Gozag
Hepliaklqana
Kikubaaqudgha
Makhleb
Nemelex Xobeh
Okawaru
Qazlal
Ru
Sif Muna
Trog
Uskayaw
Vehumet
Wu Jian
Xom
Yredelemnul
Zin
The Shining One

Shops:
D:7 **

Annotations:
D:6 1 runed translucent door, exclusion: door, spica's ghost, novice GrEE
D:8 2 transporters, cariele's ghost, novice TrWr
Lair:5 GET BACK HERE!
Orc:2 Donald


Innate Abilities, Weirdness & Mutations

You are immune to sickness and miasma.
Your stone body is resilient. (AC +10)
You are immune to poison.
Your large and strong wings let you fly.
You resist negative energy. (rN+)
You are resistant to electric shocks. (rElec)
You are resistant to unholy torment.
You are immune to petrification.


Message History

* * * LOW HITPOINT WARNING * * *
The orc hits you but does no damage. The orc closely misses you.
An orc warrior comes into view. It is wielding a +0 glaive.
Unknown command.
You barely miss Donald.
Donald is heavily wounded.
Donald drinks a potion.
Donald is healed!
You are too berserk!
Unknown command.
You hit Donald.
Donald looks as sick as possible!
Donald is moderately wounded.
Donald hits you with a +1 antimagic war axe!
* * * LOW HITPOINT WARNING * * *
The orc barely misses you. The orc hits you but does no damage.
Unknown command.
Donald blocks your attack.
Donald is moderately wounded.
Donald misses you.
Unknown command.
You slash Donald!
Donald looks as sick as possible!
Donald is heavily wounded.
Donald says, "That guy with the scythe is really mean."
You block Donald's attack. You block the orc's attack.
The orc closely misses you.
Unknown command.
You slash Donald!
Donald looks as sick as possible!
Donald is severely wounded.
Unknown command.
Donald blocks your attack.
Donald is severely wounded.
Donald hits you with a +1 antimagic war axe!
* * * LOW HITPOINT WARNING * * *
The orc barely misses you. The orc closely misses you.
An orc priest comes into view. It is wielding a +0 whip.
Unknown command.
You barely miss Donald.
Donald is severely wounded.
The orc priest shouts!
You hear a shout! x2
Donald hits you with a +1 antimagic war axe!!
You die...

#####...####**#..#.......
##.......o.....#..#.......
###.............##..........
##.#..............##.#°°.°...
#...........o.....,##..°.°...
##.#............#,###°○~°°..)
##.........oo..###○°○°∩[~[..
##.......†)...##...°°°°(..°
##.#.....@@........°°°)..°.
#...............[...°°°...°
##..#....##.............○°°°
#...#.#.####....##.....○..[.
##.......# ##.###...........
##.#.#.## ### ##.#........
####### ####...##.. ##.#####
### #


You could see Donald (fast, strong, extremely poisoned, reflecting), an orc
warrior, an orc priest and 2 orcs.

Vanquished Creatures
  2 orc warlords
  Nessos (Lair:3)
  An ettin (Orc:2)
  Josephine (Orc:2)
  3 hydras
  A centaur warrior (D:11)
  A catoblepas (Lair:3)
  4 two-headed ogres
  3 death yaks (Lair:4)
  2 orc high priests (Orc:2)
  Nergalle (Lair:3)
  Amaemon (Lair:3)
  A deep elf archer (Orc:2)
  An oklob plant (Lair:1)
  A lindwurm (Lair:5)
  2 orc knights (Orc:2)
  3 cyclopes (D:11)
  An ugly thing (D:11)
  A deep elf zephyrmancer (Orc:2)
  A manticore (D:11)
  An orc sorcerer (Orc:2)
  13 elephants
  9 cane toads
  Maurice (Orc:2)
  4 black mambas
  A molten gargoyle (Lair:5)
  An orange demon (Lair:3)
  17 komodo dragons
  4 rime drakes
  2 trolls (Orc:2)
  A tyrant leech (Lair:4)
  6 dream sheep (Lair:3)
  14 blink frogs
  A vampire (D:11)
  2 fire bats (Volcano)
  5 wraiths
  38 yaks
  4 wyverns
  6 basilisks
  6 vampire mosquitoes (D:10)
  Menkaure (Ossuary)
  2 steam dragons (Lair:5)
  8 wargs
  11 water moccasins
  2 hell hounds (Lair:5)
  An acid dragon (D:9)
  A black bear (D:4)
  An ice beast (D:6)
  21 orc warriors
  3 sky beasts
  8 ogres
  9 centaurs
  A phantom (D:6)
  A kobold brigand (D:9)
  11 bullfrogs
  An elf zombie (Ossuary)
  4 scorpions
  A two-headed ogre simulacrum (D:11)
  A troll zombie (Ossuary)
  11 killer bees
  5 electric eels (D:11)
  2 lava snakes
  2 centaur zombies (Ossuary)
  5 jellies
  12 orc priests
  Crazy Yiuf (D:3)
  A gnoll bouda (D:7)
  Jessica (D:2)
  11 orc wizards
  4 iguanas
  A troll simulacrum (D:11)
  A spriggan simulacrum (D:11)
  2 ogre zombies (Ossuary)
  6 mummies (Ossuary)
  14 gnolls
  7 adders
  2 naga simulacra (D:11)
  4 white imps
  An ufetubus (D:5)
  7 adder zombies (Ossuary)
  2 worms
  5 dart slugs
  65 orcs
  7 endoplasms
  2 giant cockroaches
  A gnoll zombie (Ossuary)
  8 goblins
  7 hobgoblins
  8 kobolds
  2 quokkas (D:3)
  5 ball pythons
  5 bats
  5 frilled lizards
  A goblin zombie (Ossuary)
  A hobgoblin zombie (Ossuary)
  7 kobold zombies (Ossuary)
  An orc zombie (Ossuary)
  2 quokka zombies (Ossuary)
  11 rats
  4 rat zombies (Ossuary)
505 creatures vanquished.

Vanquished Creatures (others)
  A cyclops (Orc:2)
  An unseen horror (D:11)
  A troll (Orc:2)
  A warg (Orc:2)
  An orc warrior (Orc:2)
  2 orc priests (Orc:2)
  2 orc wizards (Orc:2)
  5 orcs (Orc:2)
  12 fungi
  43 plants
69 creatures vanquished.

Grand Total: 574 creatures vanquished

Notes
Turn   | Place    | Note
-------+----------+-------------------------------------------
     0 | D:1      | KamiKatze the Gargoyle Fighter began the quest for the Orb.
     0 | D:1      | Reached XP level 1. HP: 14/14 MP: 1/1
   372 | D:1      | Reached skill level 2 in Axes
   411 | D:1      | Reached XP level 2. HP: 19/19 MP: 2/2
  1171 | D:2      | Reached XP level 3. HP: 23/23 MP: 3/3
  1747 | D:2      | Noticed Jessica
  1758 | D:2      | Killed Jessica
  1759 | D:2      | Reached XP level 4. HP: 28/29 MP: 4/4
  2007 | D:2      | Found a faded altar of an unknown god.
  2444 | D:2      | Reached skill level 3 in Axes
  2617 | D:3      | Found a runed translucent door.
  2618 | D:3      | Noticed Crazy Yiuf
  2753 | D:3      | Reached XP level 5. HP: 25/33 MP: 5/5
  3502 | D:4      | Noticed an ogre
  3547 | D:4      | Noticed an ogre
  3733 | D:4      | Killed an ogre
  3734 | D:4      | Reached skill level 5 in Shields
  3734 | D:4      | Reached XP level 6. HP: 39/39 MP: 6/6
  3807 | D:4      | Reached skill level 4 in Axes
  4053 | D:4      | Reached skill level 5 in Fighting
  4507 | D:5      | Entered Level 5 of the Dungeon
  4507 | D:5      | Noticed a black bear
  4532 | D:4      | Reached skill level 5 in Axes
  4532 | D:4      | Reached XP level 7. HP: 29/44 MP: 7/7
  5184 | D:5      | Reached skill level 6 in Axes
  5257 | D:5      | Reached XP level 8. HP: 45/51 MP: 8/8
  5344 | D:5      | Got the Lessons on Rime and the Voyage
  5422 | D:4      | Reached skill level 7 in Axes
  6098 | D:6      | Reached skill level 8 in Axes
  6139 | D:6      | Found a runed translucent door.
  6143 | D:6      | Noticed spica's ghost (novice GrEE)
  6250 | D:6      | Found a sand-covered staircase.
  6257 | Ossuary  | Entered an ossuary
  6892 | Ossuary  | Reached XP level 9. HP: 52/55 MP: 9/9
  6934 | Ossuary  | Noticed Menkaure
  6951 | Ossuary  | Killed Menkaure
  6952 | Ossuary  | Reached skill level 9 in Axes
  7452 | D:7      | Found a shadowy altar of Dithmenos.
  7454 | D:7      | Found a sparkling altar of Nemelex Xobeh.
  7454 | D:7      | Found a snail-covered altar of Cheibriados.
  7503 | D:7      | Reached skill level 10 in Axes
  7529 | D:7      | Found a staircase to the Ecumenical Temple.
  7538 | Temple   | Entered the Ecumenical Temple
  7629 | Temple   | Became a worshipper of Trog the Wrathful
  7759 | D:7      | Found Maapnum's Gadget Gallery.
  7773 | D:7      | Found Zin's Purification Station.
  7774 | D:7      | Found a glowing silver altar of Zin.
  8165 | D:7      | Reached skill level 1 in Dodging
  8165 | D:7      | Reached skill level 1 in Evocations
  8750 | D:8      | Reached * piety under Trog
  9140 | D:8      | Reached XP level 10. HP: 55/61 MP: 10/10
  9185 | D:8      | Found a transporter.
  9186 | D:8      | Noticed cariele's ghost (novice TrWr)
  9187 | D:8      | Identified the +6 dire flail "Dajynili" {pain, Int+2}
  9188 | D:8      | Found a transporter.
  9437 | D:8      | Found an ornate altar of the Wu Jian Council.
  9867 | D:9      | Found an iron altar of Okawaru.
  9914 | D:9      | Noticed a two-headed ogre
  9920 | D:9      | Killed a two-headed ogre
 10034 | D:9      | Reached ** piety under Trog
 10251 | D:9      | Reached skill level 11 in Axes
 10251 | D:9      | Reached skill level 5 in Armour
 10463 | D:9      | Found a shimmering altar of Xom.
 10771 | D:10     | Entered Level 10 of the Dungeon
 10902 | D:3      | Killed Crazy Yiuf
 11579 | D:10     | Reached XP level 11. HP: 53/67 MP: 11/11
 11813 | D:10     | Noticed a boulder beetle
 11860 | D:10     | Noticed a two-headed ogre
 11860 | D:10     | a boulder beetle changed into a two-headed ogre
 11879 | D:10     | Killed a two-headed ogre
 11947 | D:10     | Found a burning altar of Makhleb.
 12107 | D:10     | Found a staircase to the Lair.
 12272 | D:11     | Reached *** piety under Trog
 12367 | D:11     | Noticed a two-headed ogre
 12379 | D:11     | Killed a two-headed ogre
 12438 | Lair:1   | Entered Level 1 of the Lair of Beasts
 12502 | Lair:1   | Reached skill level 12 in Axes
 12974 | Lair:1   | Reached skill level 5 in Evocations
 13038 | Lair:1   | Found a shadowy altar of Dithmenos.
 13038 | Lair:1   | Noticed an oklob plant
 13271 | Lair:1   | Reached XP level 12. HP: 65/75 MP: 12/12
 13319 | Lair:1   | Identified the +1 leather armour of Mybualis {Str+2 Dex+5}
 13724 | Lair:2   | Reached skill level 5 in Dodging
 14268 | Lair:2   | Reached skill level 13 in Axes
 14578 | Lair:2   | Found a staircase to the Snake Pit.
 15061 | Lair:3   | Noticed Amaemon
 15077 | Lair:3   | Killed Amaemon
 15166 | Lair:3   | Reached XP level 13. HP: 72/82 MP: 13/13
 15168 | Lair:3   | Reached **** piety under Trog
 15172 | Lair:3   | Reached skill level 10 in Fighting
 15619 | Lair:3   | Found a staircase to the Swamp.
 15697 | Lair:3   | Noticed Nergalle
 15718 | Lair:3   | Killed Nergalle
 15979 | Lair:3   | Noticed Nessos
 15987 | Lair:3   | Killed Nessos
 15988 | Lair:3   | Reached skill level 14 in Axes
 16125 | Lair:4   | Found a shadowy altar of Dithmenos.
 16348 | Lair:4   | Found a staircase to the Slime Pits.
 16674 | Lair:4   | Found a dark tunnel.
 16679 | Volcano  | Entered a volcano
 17027 | Lair:5   | Entered Level 5 of the Lair of Beasts
 17994 | Lair:4   | Gained mutation: Your large and strong wings let you fly.
                  | [Gargoyle growth]
 17994 | Lair:4   | Reached XP level 14. HP: 45/90 MP: 14/14
 18731 | Lair:5   | Reached skill level 10 in Armour
 18800 | Lair:5   | Reached ***** piety under Trog
 18834 | Lair:5   | HP: 3/90 [molten gargoyle/bolt of magma (28)]
 19612 | D:11     | Identified the +4 ring mail of Hudexuth {Dex+3}
 19778 | D:11     | Found a staircase to the Orcish Mines.
 19786 | D:11     | Reached skill level 15 in Axes
 19867 | D:11     | Received a gift from Trog
 19973 | Orc:1    | Entered Level 1 of the Orcish Mines
 20058 | Orc:2    | Entered Level 2 of the Orcish Mines
 20073 | Orc:2    | Noticed Maurice
 20099 | Orc:2    | Killed Maurice
 20099 | Orc:2    | Noticed an orc warlord
 20185 | Orc:2    | Found a flickering gateway to a bazaar.
 20190 | Bazaar   | Entered a bazaar
 20190 | Bazaar   | Found Urruopo's Weapon Boutique.
 20190 | Bazaar   | Found Astank's Antique Armour Shop.
 20190 | Bazaar   | Found Adisimih's Antique Weapon Shop.
 20193 | Bazaar   | Identified the +3 chain mail of the Amoeba {+Inv rPois rC-
                  | Dex-5}
 20208 | Bazaar   | Bought a pair of runed boots for 277 gold pieces
 20453 | Orc:1    | Killed an orc warlord
 21015 | Orc:2    | Found a burning altar of Makhleb.
 21021 | Orc:2    | Noticed Josephine
 21038 | Orc:2    | Killed Josephine
 21535 | Orc:2    | Noticed an orc warlord
 21592 | Orc:2    | Killed an orc warlord
 21652 | Orc:2    | Found a staircase to the Elven Halls.
 21827 | Orc:2    | Noticed Donald
 21856 | Orc:2    | Demolished by Donald

Illustrated notes

Levels and vault maps discovered:
D:1:      heliophobic_arrival_glass_houses, layout_loops_ring,
          kennysheep_pointless_box
D:2:      layout_loops_ring, hellmonk_ecumenical_altar_lost_god, uniq_jessica
D:3:      layout_basic, uniq_crazy_yiuf_cottage
D:4:      layout_cave_pools
D:5:      layout_rooms
D:6:      layout_basic, chequers_ossuary_entry_cave, ebering_ghost_sewer_d
D:7:      layout_basic, zin_purify, gammafunk_temple_overflow_forgotten,
          minmay_temple_entry_slanted, nicolae_shop_gadgets
D:8:      layout_loops_corners, pdpol_wu_jian_five_deadly_venoms,
          gammafunk_ghost_smash, special_room [special_room_orc]
D:9:      layout_long_grid, mainiacjoe_overflow_tiny_flanked,
          mainiacjoe_overflow_catwalk
D:10:     layout_roguey, mainiacjoe_overflow_boulevard, david_lair_shrubbed,
          grunt_decor_junction
D:11:     layout_roguey, erik_orc_2, portal_ice_cave_entry_ice_simulacra
Temple:   nicolae_temple_great_sept
Lair:1:   layout_roguey, lemuel_oklob_altar, lemuel_fruit_tree
Lair:2:   layout_hall_layers, dummy_snake_entry
Lair:3:   layout_gridlike, swamp_mist, uniq_amaemon, uniq_nessos, uniq_nergalle
Lair:4:   layout_roguey, dpeg_slime_entry_enclosed, basic_altar, enter_volcano_1
Lair:5:   cheibrodos_lair_end_hotspot, layout_regular_city
Orc:1:    layout_caves
Orc:2:    st_orc_pillars, layout_caves, serial_shops, freezing_bzr, basic_altar,
          elf_legates, uniq_josephine, uniq_maurice, uniq_donald

Skill      XL: |  1  2  3  4  5  6  7  8  9 10 11 12 13 14 |
---------------+-------------------------------------------+-----
Axes           | 2 3 5 6 8 10 11 12 13 14 15 | 15.3
Shields        | 4 5 6 7 |  7.7
Fighting       | 4 5 6 7 8 9 11 | 11.7
Dodging        | 1 3 4 5 7 |  7.7
Evocations     | 1 3 5 6 7 |  7.8
Armour         | 4 5 7 8 9 10 | 10.7

Action                   |  1- 3 |  4- 6 |  7- 9 | 10-12 | 13-15 || total
-------------------------+-------+-------+-------+-------+-------++-------
Melee: War axe           |    80 |   194 |   458 |   538 |   313 ||  1583
       Broad axe         |       |       |       |       |   400 ||   400
       Flail             |       |       |       |       |    22 ||    22
Throw: Dart              |       |       |       |     2 |       ||     2
Invok: Berserk           |       |       |     1 |    10 |     6 ||    17
       Trog's Hand       |       |       |       |     2 |     6 ||     8
Evoke: Wand              |       |       |       |     5 |     6 ||    11
       Phantom mirror    |       |       |       |       |     1 ||     1
  Use: Scroll            |     2 |     9 |     7 |     9 |     6 ||    33
       Potion            |       |     1 |     2 |       |     2 ||     5
Armor: Scale mail        |    51 |    99 |   262 |     7 |       ||   419
       Acid dragon scale |       |       |       |   273 |   283 ||   556
       Plate armour      |       |       |       |       |   114 ||   114
       Ring mail         |       |       |       |       |    63 ||    63
Dodge: Dodged            |    52 |    84 |   197 |   312 |   455 ||  1100
Block: Buckler           |    29 |    43 |    92 |   123 |   187 ||   474
